 Dungeon Crawl Stone Soup version 0.15-a0-2151-gce93697 (webtiles) character file.

8212 PolkaDot the Jinx (level 11, 0/68 HPs)
             Began as a Vampire Enchanter on July 19, 2014.
             Was a Believer of Sif Muna.
             Slain by an eight-headed hydra (12 damage)
             ... on Level 1 of the Lair of Beasts.
             The game lasted 00:28:15 (8416 turns).

PolkaDot the Jinx (Vampire Enchanter)               Turns: 8416, Time: 00:28:15

HP   0/68        AC  5     Str 10      XL: 11   Next:  6%
MP  14/17        EV 12     Int 20      God: Sif Muna [**....]
Gold 544         SH  0     Dex 14      Spells:  5 memorised,  2 levels left

rFire  . . .     SeeInvis +     t - +8 cutlass of the Depths {freeze, rF+ MR+ Str+3}
rCold  + + +     Clarity  .     b - +1 robe
rNeg   + + +     rCorr    +     (no shield)
rPois  +         rRot     +     (no helmet)
rElec  .         Spirit   .     (no cloak)
SustAb .         Warding  .     (no gloves)
rMut   .         Stasis   .     n - +1 pair of boots
Gourm  .                        i - amulet of resist corrosion
MR     +++..                    r - ring of protection from magic
                                f - ring of ice

@: regenerating slowly, extremely resistant to hostile enchantments, extremely
stealthy
A: bottle blood, fangs 3, see invisible, unbreathing
a: Bat Form, Bottle Blood, Channel Energy, Forget Spell, Renounce Religion


You were on level 1 of the Lair of Beasts.
You worshipped Sif Muna.
Sif Muna was pleased with you.
You were near bloodless.

You visited 2 branches of the dungeon, and saw 10 of its levels.

You collected 544 gold pieces.

Inventory:

Hand weapons
 t - the +8 cutlass of the Depths (weapon) {freeze, rF+ MR+ Str+3}
   (You found it on level 4 of the Dungeon)

   It has been specially enchanted to freeze those struck by it, causing extra
   injury to most foes and up to double damage against particularly susceptible
   opponents.
   It can also slow down cold-blooded creatures.
   It affects your strength (+3).
   It protects you from fire.
   It affects your resistance to hostile enchantments.
 C - a +1 cutlass of speed
Armour
 b - a +1 robe (worn)
 n - a +1 pair of boots (worn)
Magical devices
 x - a wand of hasting (1)
Scrolls
 d - a scroll of recharging {unknown}
 e - 3 scrolls of fog {unknown}
 h - a scroll of blinking {unknown}
 k - 3 scrolls of remove curse
 l - a scroll of enchant weapon {unknown}
 o - a scroll of amnesia {unknown}
 q - 2 scrolls of magic mapping {unknown}
 s - a scroll of fear {unknown}
 u - 3 scrolls of teleportation {unknown}
 v - a scroll of acquirement {unknown}
 B - a scroll of random uselessness {unknown}
 F - 2 scrolls of silence {unknown}
Jewellery
 f - a ring of ice (left hand)
 i - an amulet of resist corrosion (around neck)
 r - a ring of protection from magic (right hand)
Potions
 a - 3 potions of agility
 g - a potion of mutation {unknown}
 j - a potion of haste
 m - 3 potions of invisibility
 p - 7 potions of curing
 w - a potion of magic
 A - a potion of might
 D - a potion of restore abilities {unknown}
 E - a potion of experience {unknown}
 G - 2 potions of lignification {unknown}
Books
 c - a book of Maledictions

   Spells                             Type                      Level
   *Corona                            Hexes                        1
   *Sure Blade                        Hexes/Charms                 2
   *Ensorcelled Hibernation           Hexes/Ice                    2
   *Confuse                           Hexes                        3
   Dazzling Spray                     Conjuration/Hexes            3
   *Enslavement                       Hexes                        4
 H - a Necronomicon {highlevel}

   This book is beyond your current level of understanding.

   Spells                             Type                      Level
   Haunt                              Necromancy/Summoning         7
   Borgnjor's Revivification          Necromancy                   8
   Death's Door                       Charms/Necromancy            8
   Necromutation                      Transmutation/Necromancy     8


   Skills:
 * Level 11.8 Short Blades
 - Level 2.1 Dodging
 + Level 13.6 Stealth
 - Level 2.0 Spellcasting
 + Level 14.0 Hexes
 - Level 1.0 Ice Magic


You had 2 spell levels left.
You knew the following spells:

 Your Spells              Type           Power        Failure   Level  Hunger
a - Corona                Hex            ######.      1%          1    #......
b - Sure Blade            Hex/Chrm       ####......   1%          2    ##.....
c - Confuse               Hex            ######..     1%          3    ###....
d - Ensorcelled Hibernat  Hex/Ice        #####.       1%          2    ##.....
e - Enslavement           Hex            ######..     1%          4    #####..


Dungeon Overview and Level Annotations

Branches:
Dungeon (9/15)             Temple (0/1) D:6            Lair (1/8) D:9
    Orc: D:9-12

Altars:
Ashenzari
Cheibriados
Elyvilon
Makhleb
Nemelex Xobeh
Qazlal
Sif Muna


Innate Abilities, Weirdness & Mutations

You heal slowly.
You can bottle blood from corpses.
You have razor-sharp teeth.*
You have supernaturally acute eyesight.
You can survive without breathing.*


Message History

You kill the hound!
A quokka and a hydra come into view.
Found 6 gold pieces.
Found a shiny ring mail.
The eight-headed hydra roars!
Casting: Ensorcelled Hibernation
Confirm with . or Enter, or press ? or * to list all spells.
Aiming: Confuse
Press: ? - help, Shift-Dir - straight line, f - eight-headed hydra
Aim: an eight-headed hydra The eight-headed hydra resists.
The eight-headed hydra bites you!
The eight-headed hydra closely misses you.
The eight-headed hydra bites you. The eight-headed hydra bites you!
The eight-headed hydra barely misses you.
The eight-headed hydra bites you!
* * * LOW HITPOINT WARNING * * *
The eight-headed hydra bites you.
* * * LOW HITPOINT WARNING * * *
The eight-headed hydra bites you!
You die...

.%....##.#........+
..................#
##.#.#...#........#.. .
..#....#...%....#.. .
....#..................#
....#.............#....#
+####....####.##.##....#
...................r...##
................@D.......
.........$...............
........................
.##P.....####.##........
.##P.....#......#.......
####.....#......+...[#.
.# #............#....#
.###.....#......#....
.##......#......#.


You could see an eight-headed hydra and a quokka.

Vanquished Creatures
  Psyche (D:8)
  A spiny frog (Lair:1)
  The ghost of Conan321 the Magician, an experienced OpWz of Vehumet (D:6)
  A troll (D:6)
  A two-headed ogre (D:8)
  4 blink frogs (Lair:1)
  The ghost of casual the Charmwright, an average MfSk (D:4)
  8 yaks (D:9)
  A wyvern (D:9)
  A human (D:9)
  A hippogriff (D:9)
  Eustachio (D:8)
  A hill giant zombie (D:9)
  3 wolves (Lair:1)
  A deep elf fighter (D:9)
  3 orc warriors
  3 ice beasts
  A sky beast (D:5)
  5 ogres
  2 phantoms
  3 centaurs
  Sigmund (D:6)
  A giant frog (D:8)
  A crocodile (D:9)
  Blork the orc (D:9)
  A wyvern zombie (D:8)
  5 scorpions
  5 killer bees (D:8)
  An eye of draining (D:8)
  A goliath beetle (D:8)
  A giant frog zombie (D:5)
  5 crimson imps
  6 hounds
  A centaur zombie (D:8)
  3 jellies
  A gnoll shaman (D:5)
  2 orc wizards
  3 orc priests
  5 worker ants
  2 iguanas
  4 sheep (D:9)
  An ogre zombie (D:7)
  A sky beast zombie (D:6)
  Ijyb (D:5)
  A worker ant zombie (D:6)
  13 gnolls
  4 green rats (D:9)
  10 adders
  A shadow imp (D:6)
  A giant mite (D:6)
  A goliath beetle zombie (D:6)
  3 worms
  An iguana zombie (D:6)
  An adder zombie (D:6)
  An adder skeleton (D:4)
  8 giant geckos
  An ooze (D:1)
  23 orcs
  2 ball pythons
  A bat skeleton (D:4)
  A bat zombie (D:5)
  9 giant cockroaches
  15 hobgoblins
  2 jackals (D:8)
  3 quokkas
  24 bats
  A giant gecko zombie (D:7)
  4 giant newts
  11 goblins
  2 hobgoblin skeletons
  15 kobolds
  21 rats
277 creatures vanquished.

Vanquished Creatures (others)
  3 fungi (D:9)
3 creatures vanquished.

Grand Total: 280 creatures vanquished

Notes
Turn   | Place    | Note
--------------------------------------------------------------
     0 | D:1      | PolkaDot, the Vampire Enchanter, began the quest for the Orb.
     0 | D:1      | Reached XP level 1. HP: 13/13 MP: 3/3
   265 | D:1      | Reached skill level 5 in Hexes
   517 | D:1      | Reached XP level 2. HP: 19/19 MP: 4/4
   637 | D:1      | Learned a level 2 spell: Ensorcelled Hibernation
   969 | D:1      | Reached skill level 1 in Ice Magic
  1209 | D:1      | Reached XP level 3. HP: 20/24 MP: 0/6
  1622 | D:2      | Learned a level 3 spell: Confuse
  1883 | D:2      | Reached skill level 5 in Stealth
  2204 | D:2      | Found a deep blue altar of Sif Muna.
  2210 | D:2      | Became a worshipper of Sif Muna the Loreminder
  2311 | D:3      | Reached XP level 4. HP: 30/30 MP: 7/7
  2449 | D:3      | Reached skill level 6 in Hexes
  3049 | D:4      | Noticed casual's ghost (average MfSk)
  3072 | D:4      | Reached XP level 5. HP: 22/35 MP: 2/9
  3252 | D:4      | Reached skill level 7 in Hexes
  3302 | D:4      | Got a pitted cutlass
  3304 | D:4      | Identified the cursed +8 cutlass of the Depths {freeze, rF+ MR+ Str+3} (You found it on level 4 of the Dungeon)
  3333 | D:4      | Killed casual's ghost
  3333 | D:4      | Reached XP level 6. HP: 37/41 MP: 0/10
  3436 | D:4      | Reached skill level 8 in Hexes
  3688 | D:4      | Noticed an ogre
  3694 | D:4      | Killed an ogre
  3694 | D:4      | Reached XP level 7. HP: 42/46 MP: 9/12
  3743 | D:4      | Reached skill level 9 in Hexes
  3826 | D:5      | Entered Level 5 of the Dungeon
  3859 | D:5      | Found a burning altar of Makhleb.
  3879 | D:5      | Acquired Sif Muna's first power
  4066 | D:5      | Noticed Ijyb
  4073 | D:5      | Killed Ijyb
  4249 | D:5      | Found a shattered altar of Ashenzari.
  4273 | D:5      | Reached skill level 10 in Hexes
  4555 | D:5      | Reached XP level 8. HP: 35/52 MP: 13/13
  4862 | D:6      | Reached skill level 5 in Short Blades
  4938 | D:6      | Noticed a troll
  4949 | D:6      | Killed a troll
  4949 | D:6      | Reached skill level 11 in Hexes
  5061 | D:6      | Noticed Conan321's ghost (experienced OpWz)
  5097 | D:6      | Killed Conan321's ghost
  5097 | D:6      | Reached skill level 10 in Stealth
  5170 | D:6      | Noticed Sigmund
  5193 | D:6      | Killed Sigmund
  5193 | D:6      | Reached XP level 9. HP: 29/57 MP: 11/14
  5217 | D:6      | Found a staircase to the Ecumenical Temple.
  5488 | D:6      | Found a stormy altar of Qazlal.
  5488 | D:6      | Found a snail-covered altar of Cheibriados.
  5607 | D:7      | Learned a level 4 spell: Enslavement
  5610 | D:7      | Learned a level 2 spell: Sure Blade
  5830 | D:7      | Found a sparkling altar of Nemelex Xobeh.
  5864 | D:7      | Found a white marble altar of Elyvilon.
  6260 | D:8      | Noticed Eustachio
  6270 | D:8      | Killed Eustachio
  6309 | D:8      | Reached skill level 12 in Hexes
  6436 | D:8      | Acquired Sif Muna's second power
  6454 | D:8      | Noticed Psyche
  6460 | D:8      | Killed Psyche
  6646 | D:8      | Reached XP level 10. HP: 63/63 MP: 16/16
  7083 | D:9      | Noticed Blork the orc
  7086 | D:9      | Killed Blork the orc
  7117 | D:9      | Reached skill level 10 in Short Blades
  7216 | D:9      | Reached skill level 13 in Hexes
  7621 | D:9      | Found a staircase to the Lair.
  8113 | Lair:1   | Entered Level 1 of the Lair of Beasts
  8249 | Lair:1   | Reached XP level 11. HP: 41/68 MP: 10/17
  8253 | Lair:1   | Reached skill level 14 in Hexes
  8412 | Lair:1   | Noticed an eight-headed hydra
  8416 | Lair:1   | Slain by an eight-headed hydra

Action                   |  1- 3 |  4- 6 |  7- 9 | 10-12 || total
-------------------------+-------+-------+-------+-------++-------
Melee: Dagger            |   103 |    33 |       |       ||   136
       Cutlass           |       |    25 |   233 |   138 ||   396
 Cast: Corona            |     5 |       |     2 |     2 ||     9
       Ensorcelled Hiber |    18 |    26 |    33 |    29 ||   106
       Confuse           |       |     3 |    10 |     4 ||    17
       Enslavement       |       |       |     2 |       ||     2
Invok: Channel Energy    |       |       |     7 |     9 ||    16
Evoke: Wand              |       |       |     4 |     1 ||     5
  Use: Potion            |       |     1 |       |     1 ||     2
       Scroll            |       |     4 |     5 |     2 ||    11
 Stab: Sleeping          |    26 |    23 |    58 |    44 ||   151
       Invisible         |       |     1 |       |       ||     1
       Distracted        |       |       |     2 |       ||     2
       Confused          |       |       |    10 |     5 ||    15
  Eat: Corpse            |       |       |     1 |       ||     1
